 Dungeon Crawl Stone Soup version 0.18-a0-128-g78ce890 (webtiles) character file.

682 Proton the Skirmisher (level 7, -1/61 HPs)
             Began as a Hill Orc Fighter on Nov 22, 2015.
             Was a Believer of Cheibriados.
             Slain by a sky beast (5 damage)
             ... on level 6 of the Dungeon.
             The game lasted 00:06:08 (3573 turns).

Proton the Skirmisher (Hill Orc Fighter)            Turns: 3573, Time: 00:06:08

Health: -1/61      AC:  8    Str: 26    XL:     7   Next: 61%
Magic:  1/9        EV:  9    Int: 13    God:    Cheibriados [**....]
Gold:   317        SH: 11    Dex: 15    Spells: 0 memorised, 6 levels left

rFire  . . .     SeeInvis .     a - +0 war axe
rCold  . . .     Clarity  .     b - +0 scale mail
rNeg   . . .     SustAt   .     c - +0 shield
rPois  .         Gourm    .     (no helmet)
rElec  .         Spirit   .     t - +0 cloak (curse)
rCorr  .         Warding  .     (no gloves)
rMut   .         Stasis   .     (no boots)
MR     +....                    (no amulet)
Stlth  ..........               C - ring of protection from magic
                                y - ring of flight

@: very slow, somewhat resistant to hostile enchantments, extremely unstealthy
A: no striking features
a: Bend Time, Renounce Religion, Evoke Flight


You were on level 6 of the Dungeon.
You worshipped Cheibriados.
Cheibriados was pleased with you.
You were hungry.

You visited 1 branch of the dungeon, and saw 6 of its levels.

You collected 317 gold pieces.

Inventory:

Hand Weapons
 a - a +0 war axe (weapon)
Armour
 b - a +0 scale mail (worn)
 c - a +0 shield (worn)
 t - a cursed +0 cloak (worn)
Jewellery
 y - a ring of flight (left hand)
 C - a ring of protection from magic (right hand)
Scrolls
 g - 8 scrolls of identify {unknown}
 h - a scroll of fog {unknown}
 i - 7 scrolls of remove curse {unknown}
 l - a scroll of enchant armour {unknown}
 o - 2 scrolls of teleportation {unknown}
 q - a scroll of magic mapping {unknown}
 s - a scroll of amnesia {unknown}
 x - a scroll of immolation {unknown}
Potions
 d - a potion of might
 f - a potion of cancellation {unknown}
 j - a potion of invisibility {unknown}
 k - a potion of mutation {unknown}
 m - 3 potions of curing {unknown}
 p - 2 potions of degeneration {unknown}
 r - a potion of heal wounds {unknown}
 u - 2 potions of agility {unknown}
 v - 2 potions of poison {unknown}
 A - a potion of brilliance {unknown}
 B - a potion of lignification {unknown}
Books
 n - a book of the Dragon

   Spells                             Type                      Level
   a - Flame Tongue                   Conjuration/Fire             1
   b - Cause Fear                     Hexes                        4
   c - Bolt of Fire                   Conjuration/Fire             6
   d - Dragon Form                    Transmutation                7
   e - Dragon's Call                  Summoning                    9
 D - a book of the Earth

   Spells                             Type                      Level
   a - Leda's Liquefaction            Hexes/Earth                  4
   b - Bolt of Magma                  Conjuration/Fire/Earth       5
   c - Statue Form                    Transmutation/Earth          6
   d - Iron Shot                      Conjuration/Earth            6
   e - Shatter                        Earth                        9
Comestibles
 e - 2 bread rations
 w - 8 fruits
 z - a royal jelly


   Skills:
 + Level 5.6 Fighting
 + Level 5.3 Axes
 + Level 4.8 Armour
 + Level 2.5 Dodging
 + Level 4.8 Shields
 + Level 3.0 Invocations


You had 6 spell levels left.
You didn't know any spells.

Dungeon Overview and Level Annotations

Branches:
Dungeon (6/15)             Temple (0/1) D:4

Altars:
Cheibriados
Dithmenos
Sif Muna
Zin
The Shining One

Shops:
D:5 %

Annotations:
D:5 Dowan, Duvessa


Message History

You kill the scorpion!
Cheibriados appreciates the change of pace.
Your Invocations skill increases to level 3!
You hit the adder skeleton. You hit something but do no damage.
The adder skeleton bites you but does no damage.
Something hits you.
* * * LOW HITPOINT WARNING * * *
Something shocks you.
* * * LOW HITPOINT WARNING * * *
You block the adder skeleton's attack.
You barely miss something. You hit the adder skeleton. Something hits you.
* * * LOW HITPOINT WARNING * * *
Something shocks you.
* * * LOW HITPOINT WARNING * * *
You block the adder skeleton's attack.
You hit the adder skeleton. You hit something but do no damage.
Something hits you.
* * * LOW HITPOINT WARNING * * *
Something shocks you.
You die...

##.##
#...#######.#
##............
##.............
#..............
#..............
#.....)).......
#<.....Z...$...
#......@.......
#.......)......
##.............
##.....##.....
####### ###.# #


You could see an adder skeleton.

Vanquished Creatures
  A giant frog (D:5)
  A scorpion (D:6)
  2 hounds
  5 orc wizards
  A giant frog zombie (D:5)
  A centaur skeleton (D:5)
  A gnoll shaman (D:4)
  A worker ant (D:4)
  10 adders
  4 gnolls (D:4)
  2 shadow imps (D:5)
  An ooze (D:4)
  An adder skeleton (D:4)
  3 worms
  4 giant geckos
  7 orcs
  A ball python (D:4)
  5 bats
  6 giant cockroaches
  3 goblins
  7 hobgoblins
  6 jackals
  A giant gecko zombie (D:6)
  4 giant newts
  5 kobolds
  2 quokkas
  3 rats
88 creatures vanquished.

Notes
Turn   | Place    | Note
--------------------------------------------------------------
     0 | D:1      | Proton the Hill Orc Fighter began the quest for the Orb.
     0 | D:1      | Reached XP level 1. HP: 19/19 MP: 1/1
   583 | D:1      | Reached XP level 2. HP: 25/27 MP: 2/2
   773 | D:2      | Reached XP level 3. HP: 22/33 MP: 3/3
   825 | D:2      | Found a snail-covered altar of Cheibriados.
   825 | D:2      | Found a deep blue altar of Sif Muna.
   825 | D:2      | Found a shadowy altar of Dithmenos.
   836 | D:2      | Became a worshipper of Cheibriados the Contemplative
   980 | D:2      | Reached skill level 4 in Fighting
  1106 | D:2      | Reached skill level 1 in Dodging
  1106 | D:2      | Reached XP level 4. HP: 38/40 MP: 4/4
  1344 | D:3      | Found a glowing golden altar of the Shining One.
  1378 | D:3      | Reached XP level 5. HP: 47/47 MP: 5/5
  1519 | D:3      | Reached * piety under Cheibriados
  2082 | D:5      | Entered Level 5 of the Dungeon
  2301 | D:4      | Found a glowing silver altar of Zin.
  2351 | D:4      | Reached XP level 6. HP: 37/55 MP: 6/6
  2365 | D:4      | Reached skill level 1 in Invocations
  2550 | D:4      | Reached skill level 5 in Fighting
  2791 | D:4      | Found a staircase to the Ecumenical Temple.
  2830 | D:4      | Reached ** piety under Cheibriados
  2951 | D:5      | Reached skill level 5 in Axes
  2951 | D:5      | Reached XP level 7. HP: 47/61 MP: 8/8
  3210 | D:5      | Found Lobu's Food Boutique.
  3309 | D:5      | Found a shadowy altar of Dithmenos.
  3534 | D:5      | Noticed Duvessa
  3535 | D:5      | Noticed Dowan
  3573 | D:6      | Slain by a sky beast

Vault maps used:
D:1:      roderic_chinese_lattice_arrival
D:2:      minitemple, minivault_26, grunt_decor_arrowhead
D:3:      lemuel_round_altar
D:4:      kennysheep_big_flooded_room, lemuel_round_altar,
          minmay_temple_entry_from_below_a
D:5:      first_bread, serial_shops, shop, grunt_dithmenos_shadows, uniq_duvessa
D:6:      feat_on_display, uniq_edmund, uniq_prince_ribbit1

Action                   |  1- 3 |  4- 6 |  7- 9 || total
-------------------------+-------+-------+-------++-------
Melee: War axe           |   133 |   206 |    46 ||   385
Invok: Bend Time         |       |       |     3 ||     3
  Eat: Beef jerky        |       |     1 |       ||     1
       Bread ration      |       |     1 |       ||     1
